 Dungeon Crawl Stone Soup version 0.17-a0-1648-g0a089d4 (webtiles) character file.

1327 karlkraus the Shield-Bearer (level 8, -6/63 HPs)
             Began as a Formicid Fighter on Aug 12, 2015.
             Was an Initiate of Cheibriados.
             Mangled by a gnoll
             ... wielding a +0 scythe
              (12 damage)
             ... on level 5 of the Dungeon.
             The game lasted 00:08:58 (4210 turns).

karlkraus the Shield-Bearer (Formicid Fighter)      Turns: 4210, Time: 00:08:58

Health: -6/63      AC:  9    Str: 22    XL:     8   Next: 91%
Magic:  8/8        EV: 16    Int: 14    God:    Cheibriados [......]
Gold:   186        SH: 11    Dex: 18    Spells: 0 memorised, 7 levels left

rFire  . . .     SeeInvis +     a - +0 trident
rCold  . . .     Clarity  .     b - +0 scale mail
rNeg   . . .     SustAt   .     c - +0 shield
rPois  .         Gourm    .     (helmet unavailable)
rElec  .         Spirit   .     l - +0 cloak
rCorr  .         Warding  .     (no gloves)
rMut   .         Stasis   +     (no boots)
MR     .....                    (no amulet)
Stlth  ++........               (no ring)
                                (no ring)

@: brilliant, agile, very slow, not resistant to hostile enchantments,
unstealthy
A: permanent stasis, dig shafts and tunnels, four strong arms, antennae 3
a: Dig, Shaft Self, Bend Time, Renounce Religion


You were on level 5 of the Dungeon.
You worshipped Cheibriados.
Cheibriados was noncommittal.
You were not hungry.

You visited 2 branches of the dungeon, and saw 6 of its levels.

You collected 186 gold pieces.

Inventory:

Hand weapons
 a - a +0 trident (weapon)
Armour
 b - a +0 scale mail (worn)
 c - a +0 shield (worn)
 l - a +0 cloak (worn)
Jewellery
 i - an uncursed amulet of faith {unknown}
 j - a cursed ring of positive energy {unknown}
Magical devices
 p - a wand of digging (11)
 x - a wand of random effects (29)
Scrolls
 d - a scroll of fear {unknown}
 f - 5 scrolls of immolation {unknown}
 g - 3 scrolls of teleportation {unknown}
 k - 4 scrolls of fog {unknown}
 r - a scroll of enchant armour {unknown}
 s - 2 scrolls of blinking {unknown}
 t - a scroll of remove curse {unknown}
 y - a scroll of recharging {unknown}
Potions
 h - 2 potions of curing
 n - a potion of cure mutation
 q - a potion of resistance
 w - 2 potions of berserk rage
Comestibles
 e - 4 bread rations
 v - a meat ration


   Skills:
 + Level 5.5 Fighting
 + Level 4.7 Polearms
 + Level 6.4 Armour
 + Level 3.3 Dodging
 + Level 1.3 Stealth
 + Level 6.9 Shields


You had 7 spell levels left.
You didn't know any spells.

Dungeon Overview and Level Annotations

Branches:
Dungeon (5/15)             Temple (1/1) D:5

Altars:
Cheibriados
Dithmenos
Fedhas
Kikubaaqudgha
Makhleb
Nemelex Xobeh
Okawaru
Qazlal
Ru
Sif Muna
Trog
Vehumet
Xom
Zin
The Shining One


Innate Abilities, Weirdness & Mutations

You are under a permanent stasis effect.
You can dig through walls and to a lower floor.
Your four strong arms can wield two-handed weapons with a shield.
You have a pair of large antennae on your head (SInv).


Message History

The gnoll hits you from afar with a scythe.
* * * LOW HITPOINT WARNING * * *
Sigmund closely misses you. The gnoll closely misses you.
You closely miss Sigmund.
Sigmund is severely wounded.
You block the gnoll's attack. Sigmund barely misses you.
You puncture Sigmund!
Sigmund is almost dead.
You block the gnoll's attack.
The gnoll hits you from afar with a scythe.
* * * LOW HITPOINT WARNING * * *
You closely miss Sigmund.
Sigmund is almost dead.
You block Sigmund's attack. The gnoll closely misses you.
You puncture Sigmund!
You kill Sigmund!
Cheibriados appreciates the change of pace.
You block the gnoll's attack. The gnoll misses you.
The gnoll hits you with a scythe!
You die...

#.# #.# # #.# #.# #
#<# #.# # #.#####
#.# #.....# #.# #
######.#####.######
#....#.............
#.............#####
##@####.......##...
#.gg# #.......##...
#...###............
#####.........##...
#.#.##.......##...
#...##.......#####
#.#####......# #
#.# ####.....# #
#.# #........# #


You could see 2 gnolls.

Vanquished Creatures
  Pikel (D:5)
  Sigmund (D:5)
  Edmund (D:5)
  An ogre (D:4)
  Blork the orc (D:5)
  2 orc wizards (D:4)
  A crimson imp (D:5)
  An orc priest (D:3)
  2 hounds
  4 worker ants
  3 gnolls
  3 adders
  A shadow imp (D:5)
  An adder zombie (D:3)
  A worm (D:3)
  3 giant geckos
  8 orcs
  6 hobgoblins
  6 jackals
  4 quokkas
  A ball python (D:2)
  8 bats
  6 giant cockroaches
  5 giant newts
  5 goblins
  A jackal skeleton (D:5)
  7 kobolds
  5 rats
89 creatures vanquished.

Vanquished Creatures (others)
  2 slaves (D:5)
  A quasit (D:5)
  A crimson imp (D:5)
  An orc wizard (D:4)
5 creatures vanquished.

Grand Total: 94 creatures vanquished

Notes
Turn   | Place    | Note
--------------------------------------------------------------
     0 | D:1      | karlkraus the Formicid Fighter began the quest for the Orb.
     0 | D:1      | Reached XP level 1. HP: 18/18 MP: 1/1
   238 | D:1      | Reached XP level 2. HP: 22/24 MP: 2/2
   815 | D:1      | Reached XP level 3. HP: 21/30 MP: 3/3
   904 | D:2      | Found a sparkling altar of Nemelex Xobeh.
   908 | D:2      | Reached skill level 4 in Shields
  1015 | D:2      | Found an iron altar of Okawaru.
  1027 | D:2      | Found a faded altar to an unknown god.
  1056 | D:2      | Reached XP level 4. HP: 34/37 MP: 4/4
  1827 | D:3      | Reached skill level 1 in Dodging
  1834 | D:3      | Reached XP level 5. HP: 23/42 MP: 5/5
  2246 | D:4      | Noticed an ogre
  2298 | D:4      | Reached XP level 6. HP: 35/49 MP: 6/6
  2479 | D:4      | Reached skill level 5 in Shields
  2767 | D:4      | Killed an ogre
  2767 | D:4      | Reached XP level 7. HP: 55/55 MP: 7/7
  2873 | D:5      | Entered Level 5 of the Dungeon
  2873 | D:5      | Noticed Blork the orc
  2884 | D:5      | Killed Blork the orc
  2897 | D:5      | Found a shadowy altar of Dithmenos.
  2964 | D:5      | Noticed Pikel
  2987 | D:5      | Killed Pikel
  2987 | D:5      | Reached skill level 5 in Fighting
  2987 | D:5      | Reached skill level 5 in Armour
  2987 | D:5      | Reached skill level 1 in Stealth
  2987 | D:5      | Reached skill level 6 in Shields
  2987 | D:5      | Reached XP level 8. HP: 11/62 MP: 8/8
  3361 | D:5      | Noticed Edmund
  3405 | D:5      | Killed Edmund
  3660 | D:5      | Found a staircase to the Ecumenical Temple.
  3671 | Temple   | Entered the Ecumenical Temple
  3832 | Temple   | Became a worshipper of Cheibriados the Contemplative
  4178 | D:5      | Noticed Sigmund
  4209 | D:5      | Killed Sigmund
  4210 | D:5      | Mangled by a gnoll

Vault maps used:
D:1:      wheals_arrival_shading
D:2:      lemuel_crystal_altar, nemelex_xobeh_ov_fountains_minmay,
          ecumenical_altar_1
D:4:      first_bread, kennysheep_generic_room_10
D:5:      grunt_dithmenos_smoke_and_mirrors, minmay_temple_entry_junction,
          serial_shops, kennysheep_mini, minmay_misc_feat_hallway, sigmund_army,
          uniq_blork_the_orc, uniq_edmund, uniq_pikel
Temple:   triangle_lava_temple_12

Action                   |  1- 3 |  4- 6 |  7- 9 || total
-------------------------+-------+-------+-------++-------
Melee: Trident           |   116 |   240 |   161 ||   517
  Use: Potion            |       |       |     7 ||     7
  Eat: Chunk             |       |     3 |     2 ||     5
       Meat ration       |       |     1 |       ||     1
       Pizza             |       |       |     1 ||     1
